| TOP OF THE 1ST |
|
Ohio State University Buckeyes batting - Pitching for Pennsylvania State University Nittany Lions : LHP Jeremy Bravo
|
|
Pitching: LHP Jeremy Bravo
|
|
|
Batting: LHB Anthony Ross
|
0-0: Fly out, F6 (Popup, 6MD, EV 43.1 MPH)
|
|
Batting: RHB Marcelo Bardelli
|
0-0: Ball 1-0: Swinging Strike 1-1: DOUBLE (Line Drive, 9LD, EV 105.6 MPH)
|
|
Batting: RHB Tristan Gimple
|
0-0: Called Strike 0-1: Ball 1-1: Fly out, F7 (Flyball, 7, EV 86.9 MPH)
|
|
Batting: LHB Tony Abascal
|
0-0: Ball 1-0: Ball 2-0: Fly out, F9 (Flyball, 9S, EV 88.1 MPH)
|
| Top of the 1st over - 0 runs, 1 hit, 0 errors, 1 left on base; Ohio State University 0 - Pennsylvania State University 0 |
| BOTTOM OF THE 1ST |
|
Pennsylvania State University Nittany Lions batting - Pitching for Ohio State University Buckeyes : RHP Ben Fekete
|
|
Pitching: RHP Ben Fekete
|
|
|
Batting: RHB Jesse Bandt
|
0-0: Ball 1-0: Ball 2-0: Called Strike 2-1: Swinging Strike 2-2: Strikes out swinging
|
|
Batting: RHB Pete Martin
|
0-0: Foul Ball, location: 2F 0-1: Ball 1-1: Foul Ball, location: 2F 1-2: Ball 2-2: Foul Ball, location: 2F 2-2: Foul Ball, location: 2F 2-2: Ground out 4-3 (Groundball, 4, EV 95.6 MPH)
|
|
Batting: RHB Josh Ebeling
|
0-0: Called Strike 0-1: Foul Ball, location: 2F 0-2: SOLO HOME RUN (Flyball, 9LD, EV 93.1 MPH), Distance : 347 ft
|
|
Batting: RHB Joe Strachan
|
0-0: Fly out, F3 (Popup, 3F, EV 63.8 MPH)
|
| Bottom of the 1st over - 1 run, 1 hit, 0 errors, 0 left on base; Ohio State University 0 - Pennsylvania State University 1 |
| TOP OF THE 2ND |
|
Ohio State University Buckeyes batting - Pitching for Pennsylvania State University Nittany Lions : LHP Jeremy Bravo
|
|
Batting: LHB Zach Brandt
|
0-0: Ball 1-0: Ground out 3-1 (Groundball, 34, EV 95.0 MPH)
|
|
Batting: RHB David Guillen
|
0-0: SINGLE (Line Drive, 6D, EV 98.1 MPH)
|
|
Batting: LHB Adam Simpson
|
0-0: Called Strike 0-1: Called Strike 0-2: Foul Ball, location: 2F 0-2: Hit by Pitch David Guillen to second
|
|
Batting: LHB Ben Callaway
|
0-0: Called Strike 0-1: Foul Ball, location: 2F 0-2: Grounds into double play, 4-6-3 (Groundball, 4, EV 86.9 MPH)
|
| Top of the 2nd over - 0 runs, 1 hit, 0 errors, 1 left on base; Ohio State University 0 - Pennsylvania State University 1 |
| BOTTOM OF THE 2ND |
|
Pennsylvania State University Nittany Lions batting - Pitching for Ohio State University Buckeyes : RHP Ben Fekete
|
|
Batting: RHB Francisco Velazquez
|
0-0: Called Strike 0-1: Ball 1-1: Ball 2-1: SINGLE (Line Drive, 78M, EV 93.1 MPH)
|
|
Batting: RHB Kevin Claus
|
0-0: Ball Francisco Velazquez steals 2nd, throwing error, E2 Francisco Velazquez to third 1-0: Foul Ball, location: 2F 1-1: Called Strike 1-2: Strikes out swinging
|
|
Batting: RHB Guy Jock
|
0-0: Ball 1-0: Fly out, F8 (Flyball, 8LD, EV 101.9 MPH) Runner from 3rd tags up, SCORES, no throw by CF
|
|
Batting: RHB Perry Brantley
|
0-0: Ball 1-0: Ball 2-0: Swinging Strike 2-1: Foul Ball, location: 2F 2-2: Ball 3-2: Strikes out swinging
|
| Bottom of the 2nd over - 1 run, 1 hit, 1 error, 0 left on base; Ohio State University 0 - Pennsylvania State University 2 |
| TOP OF THE 3RD |
|
Ohio State University Buckeyes batting - Pitching for Pennsylvania State University Nittany Lions : LHP Jeremy Bravo
|
|
Batting: LHB John King
|
0-0: Called Strike 0-1: Ground out 5-3 (Groundball, 56S, EV 78.1 MPH)
|
|
Batting: LHB Anthony Ross
|
0-0: Called Strike 0-1: Ball 1-1: Swinging Strike 1-2: Foul Ball, location: 2F 1-2: Strikes out swinging
|
|
Batting: RHB Marcelo Bardelli
|
0-0: Swinging Strike 0-1: Called Strike 0-2: Ball 1-2: Ground out 6-3 (Groundball, 56, EV 85.6 MPH)
|
| Top of the 3rd over - 0 runs, 0 hits, 0 errors, 0 left on base; Ohio State University 0 - Pennsylvania State University 2 |
| BOTTOM OF THE 3RD |
|
Pennsylvania State University Nittany Lions batting - Pitching for Ohio State University Buckeyes : RHP Ben Fekete
|
|
Batting: LHB Dan Lape
|
0-0: Ball 1-0: Ball 2-0: Ball 3-0: Foul Ball, location: 2F 3-1: Base on Balls
|
|
Batting: RHB Jesse Bandt
|
0-0: Ball 1-0: Ball 2-0: Grounds into double play, 6-4-3 (Groundball, 6, EV 105.0 MPH)
|
|
Batting: RHB Pete Martin
|
0-0: Ball 1-0: Foul Ball, location: 2F 1-1: Foul Ball, location: 2F 1-2: Foul Ball, location: 2F 1-2: Ball 2-2: Ball 3-2: Ground out 6-3 (Groundball, 56, EV 83.8 MPH)
|
| Bottom of the 3rd over - 0 runs, 0 hits, 0 errors, 0 left on base; Ohio State University 0 - Pennsylvania State University 2 |
| TOP OF THE 4TH |
|
Ohio State University Buckeyes batting - Pitching for Pennsylvania State University Nittany Lions : LHP Jeremy Bravo
|
|
Batting: RHB Tristan Gimple
|
0-0: Ball 1-0: Swinging Strike 1-1: SINGLE (Flyball, 4D, EV 90.6 MPH) - OUT at second base trying to stretch hit.
|
|
Batting: LHB Tony Abascal
|
0-0: Fly out, F8 (Flyball, 8LD, EV 99.4 MPH)
|
|
Batting: LHB Zach Brandt
|
0-0: Swinging Strike 0-1: Called Strike 0-2: Fly out, F9 (Flyball, 89M, EV 64.4 MPH)
|
| Top of the 4th over - 0 runs, 1 hit, 0 errors, 0 left on base; Ohio State University 0 - Pennsylvania State University 2 |
| BOTTOM OF THE 4TH |
|
Pennsylvania State University Nittany Lions batting - Pitching for Ohio State University Buckeyes : RHP Ben Fekete
|
|
Batting: RHB Josh Ebeling
|
0-0: Ball 1-0: Ball 2-0: Called Strike 2-1: Foul Ball, location: 2F 2-2: Foul Ball, location: 2F 2-2: Fly out, F8 (Line Drive, 8RD, EV 88.8 MPH)
|
|
Batting: RHB Joe Strachan
|
0-0: Ball 1-0: SOLO HOME RUN (Flyball, 7D, EV 94.4 MPH), Distance : 374 ft
|
|
Batting: RHB Francisco Velazquez
|
0-0: Foul Ball, location: 2F 0-1: Ball 1-1: Ball 2-1: Fly out, F6 (Line Drive, 6, EV 61.9 MPH)
|
|
Batting: RHB Kevin Claus
|
0-0: Called Strike 0-1: Swinging Strike 0-2: Ball 1-2: Ball 2-2: SINGLE (Line Drive, 78S, EV 95.0 MPH)
|
|
Batting: RHB Guy Jock
|
0-0: Ball 1-0: Called Strike 1-1: SINGLE (Groundball, 6MS, EV 65.6 MPH) (infield hit) Kevin Claus to second
|
|
Batting: RHB Perry Brantley
|
0-0: Foul Ball, location: 2F 0-1: Ball 1-1: Ball 2-1: Ground out 4-3 (Groundball, 4, EV 87.5 MPH)
|
| Bottom of the 4th over - 1 run, 3 hits, 0 errors, 2 left on base; Ohio State University 0 - Pennsylvania State University 3 |
| TOP OF THE 5TH |
|
Ohio State University Buckeyes batting - Pitching for Pennsylvania State University Nittany Lions : LHP Jeremy Bravo
|
|
Batting: RHB David Guillen
|
0-0: Fly out, F8 (Flyball, 8RXD, EV 106.2 MPH)
|
|
Batting: LHB Adam Simpson
|
0-0: Ball 1-0: Foul Ball, location: 2F 1-1: Ball 2-1: Fly out, F9 (Flyball, 9, EV 99.4 MPH)
|
|
Batting: LHB Ben Callaway
|
0-0: Ball 1-0: Foul Ball, location: 2F 1-1: Ground out 5-3 (Groundball, 56, EV 80.0 MPH)
|
| Top of the 5th over - 0 runs, 0 hits, 0 errors, 0 left on base; Ohio State University 0 - Pennsylvania State University 3 |
| BOTTOM OF THE 5TH |
|
Pennsylvania State University Nittany Lions batting - Pitching for Ohio State University Buckeyes : RHP Ben Fekete
|
|
Batting: LHB Dan Lape
|
0-0: Foul Ball, location: 2F 0-1: Ball 1-1: Foul Ball, location: 2F 1-2: Ball 2-2: Foul Ball, location: 2F 2-2: Foul Ball, location: 2F 2-2: Ground out 4-3 (Groundball, 4, EV 86.2 MPH)
|
|
Batting: RHB Jesse Bandt
|
0-0: Called Strike 0-1: Ground out 5-3 (Groundball, 56S, EV 88.1 MPH)
|
|
Batting: RHB Pete Martin
|
0-0: Ball 1-0: Called Strike 1-1: Foul Ball, location: 2F 1-2: Ball 2-2: Fly out, F9 (Line Drive, 9D, EV 95.0 MPH)
|
| Bottom of the 5th over - 0 runs, 0 hits, 0 errors, 0 left on base; Ohio State University 0 - Pennsylvania State University 3 |
| TOP OF THE 6TH |
|
Ohio State University Buckeyes batting - Pitching for Pennsylvania State University Nittany Lions : LHP Jeremy Bravo
|
|
Batting: LHB John King
|
0-0: Ground out 6-3 (Groundball, 6M, EV 100.6 MPH)
|
|
Batting: LHB Anthony Ross
|
0-0: Ball 1-0: Foul Ball, location: 2F 1-1: Foul Ball, location: 2F 1-2: Strikes out swinging
|
|
Batting: RHB Marcelo Bardelli
|
0-0: Called Strike 0-1: Called Strike 0-2: Foul Ball, location: 2F 0-2: Fly out, F8 (Flyball, 8RS, EV 92.5 MPH)
|
| Top of the 6th over - 0 runs, 0 hits, 0 errors, 0 left on base; Ohio State University 0 - Pennsylvania State University 3 |
| BOTTOM OF THE 6TH |
|
Pennsylvania State University Nittany Lions batting - Pitching for Ohio State University Buckeyes : RHP Ben Fekete
|
|
Pitching: RHP Rodolfo Lrio
|
|
|
Batting: RHB Josh Ebeling
|
0-0: Ball 1-0: Foul Ball, location: 2F 1-1: Foul Ball, location: 2F 1-2: Foul Ball, location: 2F 1-2: Fly out, F9 (Flyball, 9, EV 86.9 MPH)
|
|
Batting: RHB Joe Strachan
|
0-0: Called Strike 0-1: SINGLE (Groundball, 56D, EV 94.4 MPH)
|
|
Batting: RHB Francisco Velazquez
|
0-0: Fly out, F7 (Flyball, 78S, EV 93.8 MPH)
|
|
Batting: RHB Kevin Claus
|
0-0: Called Strike 0-1: Ball 1-1: Ball 2-1: Swinging Strike 2-2: Ball 3-2: Foul Ball, location: 2F 3-2: Foul Ball, location: 2F 3-2: Strikes out looking
|
| Bottom of the 6th over - 0 runs, 1 hit, 0 errors, 1 left on base; Ohio State University 0 - Pennsylvania State University 3 |
| TOP OF THE 7TH |
|
Ohio State University Buckeyes batting - Pitching for Pennsylvania State University Nittany Lions : LHP Jeremy Bravo
|
|
Batting: RHB Tristan Gimple
|
0-0: Ball 1-0: Ball 2-0: Called Strike 2-1: Called Strike 2-2: Ball 3-2: Fly out, F9 (Line Drive, 9, EV 95.6 MPH)
|
|
Batting: LHB Tony Abascal
|
0-0: Ball 1-0: Ball 2-0: Called Strike 2-1: SINGLE (Groundball, 34, EV 103.8 MPH)
|
|
Batting: LHB Zach Brandt
|
0-0: Foul Ball, location: 2F 0-1: Ball 1-1: Ball Wild Pitch! Tony Abascal to second 2-1: Foul Ball, location: 2F 2-2: Strikes out swinging
|
|
Batting: RHB David Guillen
|
0-0: Ball 1-0: Ball 2-0: Ball Wild Pitch! Tony Abascal to third 3-0: Base on Balls
|
|
Batting: LHB Adam Simpson
|
0-0: Fly out, F9 (Flyball, 9, EV 96.9 MPH)
|
| Top of the 7th over - 0 runs, 1 hit, 0 errors, 2 left on base; Ohio State University 0 - Pennsylvania State University 3 |
| BOTTOM OF THE 7TH |
|
Pennsylvania State University Nittany Lions batting - Pitching for Ohio State University Buckeyes : RHP Rodolfo Lrio
|
|
Pitching: RHP Roberto Morado
|
|
|
Batting: RHB Guy Jock
|
0-0: Foul Ball, location: 2F 0-1: Fly out, F9 (Line Drive, 89S, EV 95.0 MPH)
|
|
Batting: RHB Perry Brantley
|
0-0: Ground out 5-3 (Groundball, 56S, EV 80.6 MPH)
|
|
Batting: LHB Dan Lape
|
0-0: Ball 1-0: Called Strike 1-1: Ball 2-1: Ball 3-1: Base on Balls
|
|
Batting: RHB Jesse Bandt
|
0-0: Called Strike 0-1: Called Strike 0-2: Ball 1-2: Ball 2-2: Ball 3-2: Base on Balls Dan Lape to second
|
|
Batting: RHB Pete Martin
|
0-0: Called Strike 0-1: Swinging Strike 0-2: Ball 1-2: Fly out, F7 (Flyball, 7S, EV 90.0 MPH)
|
| Bottom of the 7th over - 0 runs, 0 hits, 0 errors, 2 left on base; Ohio State University 0 - Pennsylvania State University 3 |
| TOP OF THE 8TH |
|
Ohio State University Buckeyes batting - Pitching for Pennsylvania State University Nittany Lions : LHP Jeremy Bravo
|
|
Batting: LHB Ben Callaway
|
0-0: Called Strike 0-1: Ground out U3 (Groundball, 34, EV 100.0 MPH)
|
|
Pinch Hitting: RHB Bo Wu
|
0-0: Foul Ball, location: 2F 0-1: Swinging Strike 0-2: Foul Ball, location: 2F 0-2: Strikes out swinging
|
|
Batting: LHB Anthony Ross
|
0-0: SINGLE (Flyball, 3D, EV 99.4 MPH)
|
|
Batting: RHB Marcelo Bardelli
|
0-0: Called Strike 0-1: Fielders Choice at 2nd, 6-4 (Groundball, 6, EV 109.4 MPH)
|
| Top of the 8th over - 0 runs, 1 hit, 0 errors, 1 left on base; Ohio State University 0 - Pennsylvania State University 3 |
| BOTTOM OF THE 8TH |
|
Pennsylvania State University Nittany Lions batting - Pitching for Ohio State University Buckeyes : RHP Roberto Morado
|
|
Pitching: LHP Adrien Leroy
|
|
|
Now in LF: Bo Wu
|
|
|
Now in CF: Zach Brandt
|
|
|
Batting: RHB Josh Ebeling
|
0-0: Swinging Strike 0-1: Ball 1-1: Foul Ball, location: 2F 1-2: Foul Ball, location: 2F 1-2: Ball 2-2: SINGLE (Groundball, 6, EV 105.0 MPH)
|
|
Batting: RHB Joe Strachan
|
0-0: Called Strike 0-1: Fielders Choice at 2nd, 6-4 (Groundball, 6S, EV 81.2 MPH)
|
|
Batting: RHB Francisco Velazquez
|
0-0: Ball 1-0: Fielders Choice at 2nd, 2-4 (Groundball, 15S, EV 65.6 MPH)
|
|
Batting: RHB Kevin Claus
|
0-0: Ball 1-0: Foul Ball, location: 2F 1-1: Ball 2-1: Called Strike 2-2: Ball 3-2: Foul Ball, location: 2F 3-2: Ground out 5-3 (Groundball, 56, EV 81.9 MPH)
|
| Bottom of the 8th over - 0 runs, 1 hit, 0 errors, 1 left on base; Ohio State University 0 - Pennsylvania State University 3 |
| TOP OF THE 9TH |
|
Ohio State University Buckeyes batting - Pitching for Pennsylvania State University Nittany Lions : LHP Jeremy Bravo
|
|
Pitching: RHP Preki Nedic
|
|
|
Batting: RHB Tristan Gimple
|
0-0: SINGLE (Line Drive, 89S, EV 101.2 MPH)
|
|
Batting: LHB Tony Abascal
|
0-0: Ball 1-0: Called Strike 1-1: Foul Ball, location: 2F 1-2: Ball 2-2: Fly out, F9 (Flyball, 89M, EV 81.2 MPH)
|
|
Batting: LHB Zach Brandt
|
0-0: Swinging Strike 0-1: Fielders Choice at 2nd, 3-6 (Groundball, 34, EV 83.8 MPH)
|
|
Batting: RHB David Guillen
|
0-0: Ball 1-0: Ball 2-0: Foul Ball, location: 2F 2-1: Foul Ball, location: 2F 2-2: Fly out, F5 (Popup, 25, EV 80.6 MPH)
|
| Top of the 9th over - 0 runs, 1 hit, 0 errors, 1 left on base; Ohio State University 0 - Pennsylvania State University 3 |
|